 Dungeon Crawl Stone Soup version 0.22-a0-414-gacd343e (webtiles) character file.

338 panicbit the Chopper (level 6, 0/53 HPs)
             Began as a Minotaur Fighter on May 10, 2018.
             Killed by divine providence
             ... invoked by an orc priest
              (11 damage)
             ... on level 4 of the Dungeon on May 13, 2018.
             The game lasted 00:07:13 (2943 turns).

panicbit the Chopper (Minotaur Fighter)             Turns: 2943, Time: 00:07:14

Health: 0/53       AC: 10    Str: 23    XL:     6   Next: 29%
Magic:  5/5        EV:  8    Int:  5    God:
Gold:   176        SH: 10    Dex:  9    Spells: 5/5 levels left

rFire    . . .     SeeInvis .   a - +0 war axe
rCold    . . .     Gourm    .   c - +0 shield
rNeg     . . .     Faith    .   b - +0 scale mail
rPois    .         Spirit   .   (helmet restricted)
rElec    .         Reflect  .   (no cloak)
rCorr    .         Harm     .   (no gloves)
MR       .....                  l - +2 pair of boots
Stlth    ..........             (no amulet)
HPRegen  0.17/turn              (no ring)
MPRegen  0.09/turn              (no ring)

@: no status effects
A: retaliatory headbutt, horns 2
a: no special abilities


You were on level 4 of the Dungeon.
You were not hungry.

You visited 1 branch of the dungeon, and saw 4 of its levels.

You collected 176 gold pieces.

Inventory:

Hand Weapons
 a - a +0 war axe (weapon)
Armour
 b - a +0 scale mail (worn)
 c - a +0 shield (worn)
 l - a +2 pair of boots (worn)
Scrolls
 e - a scroll of identify {unknown}
Potions
 d - a potion of might
 h - a potion of heal wounds {unknown}
 i - a potion of mutation {unknown}
 j - a potion of haste {unknown}
 k - a potion of brilliance {unknown}
 m - a potion of flight {unknown}
 n - a potion of curing {unknown}
Comestibles
 f - 6 rations
 g - a chunk of flesh


   Skills:
 + Level 4.6 Fighting
 + Level 5.2 Axes
 + Level 4.6 Armour
 + Level 1.6 Dodging
 + Level 0.7 Stealth
 + Level 5.2 Shields


You had 5 spell levels left.
You didn't know any spells.
Your spell library contained the following spells:

 Spells                   Type           Power        Failure   Level  Hunger
 Magic Dart               Conj           #...         99%         1    ##.....
 Iskenderun's Mystic Bla  Conj           #.......     100%        4    #####..
 Fulminant Prism          Conj/Hex       #.........   100%        4    #####..
 Dazzling Spray           Conj/Hex       #.....       100%        3    ####...
 Force Lance              Conj/Tloc      #.......     100%        4    #####..
 Searing Ray              Conj           #.....       100%        2    ###....


Dungeon Overview and Level Annotations

Branches:
Dungeon (4/15)
 Temple: D:4-7

Altars:
Kikubaaqudgha
Uskayaw


Innate Abilities, Weirdness & Mutations

You reflexively headbutt those who attack you in melee.
You have a pair of horns on your head.


Message History

You kill the worker ant!
Your Shields skill increases to level 5!
The orc wizard hits you but does no damage.
The orc priest casts a cantrip, but nothing happens. x2
You block the orc's attack.
The orc wizard hits you but does no damage.
An orc priest comes into view. It is wielding a mace.
You see here 10 gold pieces.
The orc wizard casts a spell at you. You block the puff of flame.
The orc wizard casts a spell at you. The puff of flame hits you!
* * * LOW HITPOINT WARNING * * *
The orc priest calls upon Beogh to heal the orc wizard.
The orc wizard's wounds heal themselves!
You hear a shout!
The adder closely misses you.
The orc priest mumbles some strange prayers to Beogh against you.
Beogh smites you!
You die...

.####...###.....###
##.......##...###
.....#.#<##.#..## #
.....#.#....##..## ..
##............#..### ....
##.##.........##...## .....
##.###..........##..###.....
##.# ............##.........
....(#####.#####@.......#..
#.#. #.# #So......#.#
#oo......#.#. #oo.#........
#...........# #..lo......##
.#....#.$......##
⌠######.#....>..#
#o#........


You could see 2 orc priests, 2 orc wizards, an adder, 2 orcs and a frilled
lizard.

Vanquished Creatures
  An orc priest (D:3)
  Jessica (D:3)
  An orc wizard (D:3)
  A worker ant (D:4)
  Robin (D:2)
  5 adders
  4 gnolls (D:3)
  3 oozes
  A worm (D:2)
  2 leopard geckos
  10 orcs (D:3)
  6 giant cockroaches
  14 goblins
  7 hobgoblins
  10 jackals (D:1)
  8 kobolds
  5 quokkas
  8 bats
  5 frilled lizards
  A leopard gecko skeleton (D:4)
  24 rats
118 creatures vanquished.

Notes
Turn   | Place    | Note
-------+----------+-------------------------------------------
     0 | D:1      | panicbit the Minotaur Fighter began the quest for the Orb.
     0 | D:1      | Reached XP level 1. HP: 19/19 MP: 0/0
     0 | D:1      | Upgraded the game from 0.22-a0-409-gb855193 to 0.22-a0-414-gacd343e
   152 | D:1      | Reached XP level 2. HP: 26/26 MP: 1/1
   434 | D:1      | Reached XP level 3. HP: 33/33 MP: 2/2
   997 | D:2      | Found an ancient bone altar of Kikubaaqudgha.
  1064 | D:2      | Reached skill level 1 in Dodging
  1098 | D:2      | Reached XP level 4. HP: 25/40 MP: 3/3
  1204 | D:2      | Found a hide-covered altar of Uskayaw.
  1327 | D:2      | Noticed Robin
  1336 | D:2      | Killed Robin
  1686 | D:3      | Reached XP level 5. HP: 46/47 MP: 4/4
  1833 | D:3      | Noticed Jessica
  1840 | D:3      | Killed Jessica
  1883 | D:2      | Reached skill level 5 in Axes
  2223 | D:3      | Reached XP level 6. HP: 53/53 MP: 5/5
  2936 | D:4      | Reached skill level 5 in Shields
  2943 | D:4      | Killed from afar by an orc priest

Vault maps used:
D:1:      roderic_octagonal_star, minmay_misc_feat_pillars
D:2:      marbit_many_paths, kiku_gazebo_pond_becter, first_ration,
          minmay_rat_hole, uniq_robin
D:3:      uniq_jessica
D:4:      temple_doors_e

Skill      XL: |  1  2  3  4  5  6 |
---------------+-------------------+-----
Shields        | 4 5 |  5.2
Armour         | 4 |  4.6
Axes           | 3 5 |  5.2
Fighting       | 4 |  4.6
Dodging        | 1 |  1.6
Stealth        | |  0.7

Action                   |  1- 3 |  4- 6 || total
-------------------------+-------+-------++-------
Melee: War axe           |   111 |   142 ||   253
       Headbutt          |    17 |    18 ||    35
  Use: Scroll            |     3 |     1 ||     4
  Eat: Chunk             |     1 |     6 ||     7
Armor: Scale mail        |    57 |    66 ||   123
Dodge: Dodged            |    41 |    62 ||   103
Block: Shield            |    57 |    98 ||   155

Table legend:
 A = Spawn XP
 B = Non-spawn XP
 C = Spawn XP percentage of total XP
 D = Spawn monster count
 E = Non-spawn monster count
 F = Spawn count percentage of total count
 G = Total turns spent on level
                    A         B        C        D         E        F      G
               +---------+---------+-------+---------+---------+-------+---------
         Total |       0 |     484 |   0.0 |       0 |     118 |   0.0 |  2943
               +---------+---------+-------+---------+---------+-------+---------
           D:1 |       0 |      69 |   0.0 |       0 |      38 |   0.0 |   989
           D:2 |       0 |     127 |   0.0 |       0 |      46 |   0.0 |  1000
           D:3 |       0 |     227 |   0.0 |       0 |      30 |   0.0 |   851
           D:4 |       0 |      61 |   0.0 |       0 |       4 |   0.0 |   103
               +---------+---------+-------+---------+---------+-------+---------
